 Dungeon Crawl Stone Soup version 0.30.1-9-gdf580d7c3d (webtiles) character file.

Game seed: 15204905070290951061

1974 monsoonserge the Geomancer (level 9, 0/47 HPs)
             Began as a Gargoyle Earth Elementalist on Oct 5, 2023.
             Was an Initiate of Vehumet.
             Killed by divine providence
             ... invoked by an orc priest
              (10 damage)
             ... on level 6 of the Dungeon.
             The game lasted 00:17:15 (4220 turns).

monsoonserge the Geomancer (GrEE)                   Turns: 4220, Time: 00:17:19

Health: 0/47       AC: 10    Str: 12    XL:     9   Next: 20%
Magic:  13/13      EV: 13    Int: 20    God:    Vehumet [......]
Gold:   224        SH:  0    Dex: 16    Spells: 10/14 levels left

rFire   . . .        p - staff of earth
rCold   + . .        (no shield)
rNeg    + . .        u - +1 robe {rC+}
rPois   ∞            (no helmet)
rElec   +            B - +0 cloak
rCorr   .            (no gloves)
SInv    .            (no boots)
Will    .....        (no amulet)
Stlth   ++           g - ring of flight
HPRegen 0.27/turn    w - +6 ring of dexterity
MPRegen 0.13/turn

%: no passive effects
@: flying, mesmerised
A: sickness immunity, AC +6, negative energy resistance 1, electricity
resistance, torment resistance 1, petrification resistance
a: Renounce Religion


You were on level 6 of the Dungeon.
You worshipped Vehumet.
Vehumet was noncommittal.
You visited 2 branches of the dungeon, and saw 7 of its levels.

You collected 224 gold pieces.

Inventory:

Missiles
 j - 2 boomerangs
 q - 3 javelins
 G - 4 poisoned darts (quivered)
Armour
 u - a +1 robe of cold resistance (worn)
 B - a +0 cloak (worn)
Magical Staves
 e - a staff of fire
 p - a staff of earth (weapon)
Jewellery
 g - a ring of flight (left hand)
 w - a +6 ring of dexterity (right hand)
 z - an amulet of guardian spirit
Wands
 C - a wand of flame (26)
 D - a wand of paralysis (23)
Scrolls
 a - a scroll of fog {unknown}
 i - a scroll of torment
 o - a scroll of teleportation {unknown}
 t - 2 scrolls of silence {unknown}
 v - 2 scrolls of noise {unknown}
 x - 3 scrolls of identify {unknown}
 y - a scroll of brand weapon {unknown}
 A - 2 scrolls of poison {unknown}
Potions
 b - a potion of magic
 c - a potion of resistance {unknown}
 d - 3 potions of curing {unknown}
 f - a potion of brilliance {unknown}
 h - 3 potions of might {unknown}
 k - 3 potions of cancellation {unknown}
 l - a potion of degeneration {unknown}
 m - a potion of lignification {unknown}
 n - 3 potions of heal wounds {unknown}
 r - a potion of ambrosia {unknown}
 s - 2 potions of flight {unknown}
 E - a potion of haste {unknown}
 F - a potion of mutation {unknown}


   Skills:
 + Level 1.0 Fighting
 * Level 2.6 Staves
 + Level 0.3 Throwing
 - Level 3.3 Armour
 + Level 3.3 Dodging
 + Level 3.1 Stealth
 - Level 3.0 Spellcasting
 * Level 4.0 Conjurations
 + Level 0.8 Transmutations
 + Level 10.2 Earth Magic
 * Level 2.8 Evocations


You had 10 spell levels left.
You knew the following spells:

 Your Spells              Type           Power      Damage    Failure   Level
a - Sandblast             Erth           100%       2d20      1%          1
b - Stone Arrow           Conj/Erth      94%        3d12      2%          3

Your spell library contained the following spells:

 Spells                   Type           Power      Damage    Failure   Level
 Magic Dart               Conj           76%        1d6       2%          1
 Passwall                 Tmut/Erth      30%        N/A       2%          2
 Petrify                  Tmut/Erth      37%        N/A       14%         4
 Call Imp                 Summ           6%         N/A       22%         2
 Mephitic Cloud           Conj/Pois/Air  8%         N/A       24%         3
 Frozen Ramparts          Ice            6%         1d1       38%         3
 Inner Flame              Hex/Fire       3%         N/A       38%         3
 Ice Form                 Ice/Tmut       4%         N/A       75%         4
 Summon Ice Beast         Ice/Summ       3%         N/A       80%         4
 Yara's Violent Unravell  Hex/Tmut       2%         3d3       97%         5
 Enfeeble                 Hex            1%         N/A       100%        7


Dungeon Overview and Level Annotations

Branches:
Dungeon (6/15)             Temple (1/1) D:6

Altars:
Ashenzari
Cheibriados
Dithmenos
Elyvilon
Fedhas
Gozag
Hepliaklqana
Kikubaaqudgha
Makhleb
Nemelex Xobeh
Okawaru
Qazlal
Sif Muna
Trog
Uskayaw
Vehumet
Wu Jian
Xom
Yredelemnul
Zin
The Shining One

Shops:
D:3 [

Annotations:
D:5 Sigmund
D:6 Maggie


Innate Abilities, Weirdness & Mutations

You are immune to sickness and miasma.
Your stone body is resilient. (AC +6)
You are immune to poison.
You resist negative energy. (rN+)
You are resistant to electric shocks. (rElec)
You are resistant to unholy torment.
You are immune to petrification.


Message History

Unknown command.
Maggie practices a pose.
The orc priest miscasts a cantrip.
Maggie casts a spell.
Maggie attempts to bespell you!
You are mesmerised by Maggie!
You cannot move away from Maggie!
Aiming: Throw Flame
Press: ? - help, Shift-Dir - straight line, f - Maggie
Aim: Maggie, wielding a +2 scimitar of flaming and wearing +0 steam dragon scales (mesmerising, 71% to hit)
The puff of flame hits Maggie!
Maggie is lightly wounded.
Aiming: Throw Flame
Press: ? - help, Shift-Dir - straight line, f/p - Maggie
Aim: Maggie, wielding a +2 scimitar of flaming and wearing +0 steam dragon scales (lightly wounded, mesmerising, 71% to hit)
The puff of flame hits Maggie.
Maggie is lightly wounded.
The orc priest shouts!
Casting: Sandblast (safe; 1% risk of failure)
Confirm with . or Enter, or press ? or * to list all spells.
Aiming: Sandblast (safe; 1% risk of failure)
Press: ? - help, Shift-Dir - straight line, f - you, p - Maggie
Okay, then.
Aiming: Throw Flame
Press: ? - help, Shift-Dir - straight line, f/p - Maggie
Aim: Maggie, wielding a +2 scimitar of flaming and wearing +0 steam dragon scales (lightly wounded, mesmerising, 71% to hit)
The puff of flame hits Maggie.
Maggie is moderately wounded.
The orc priest mumbles some strange prayers to Beogh against you.
Beogh smites you!
* * * LOW HITPOINT WARNING * * *
The orc priest shouts!
You hear a shout!
As you read the scroll labelled BOSONOULAA, it crumbles to dust.
Your body is wracked with pain!
* * * LOW HITPOINT WARNING * * *
The orc priest convulses!
Maggie convulses!
The orc wizard convulses!
The orc priest convulses! x2; It was a scroll of torment.
The orc priest calls down the wrath of Beogh upon you.
Beogh smites you!
You die...

.#.............. ##...>...
.......................... ..
##............##..#.).....
....#............##..##)......
....#.....#..........##.......
#..............[...# #.......
#.................#####.......
/....................#..[.....
.........o...@..##............
...oo....@...#..##............
.o....$..o...#.###.........#..
......o.o................####.
.##................#......##.<
#.................#..........
.......................##.....
..............#..#.....##.....
..............#.##.... #......


You could see Maggie (mesmerising), 3 orc priests and an orc wizard.

Vanquished Creatures
  Pikel (D:5)
  Grinder (D:3)
  A water moccasin (D:6)
  Duvessa (D:5)
  2 ogres
  A phantom (D:5)
  A bullfrog (D:6)
  4 scorpions (D:6)
  Dowan (D:5)
  2 howler monkeys
  4 hounds
  A jelly (D:5)
  2 iguanas
  3 orc wizards
  7 adders
  A white imp (D:5)
  An ufetubus (D:4)
  A worm (D:2)
  2 dart slugs
  13 orcs
  8 bats
  11 endoplasms
  5 giant cockroaches
  10 goblins
  4 hobgoblins
  4 jackals
  12 kobolds
  3 quokkas
  3 ball pythons
  5 frilled lizards
  7 rats
122 creatures vanquished.

Notes
Turn   | Place    | Note
-------+----------+-------------------------------------------
     0 | D:1      | monsoonserge the Gargoyle Earth Elementalist began the
                  | quest for the Orb.
     0 | D:1      | Reached XP level 1. HP: 10/10 MP: 3/3
    97 | D:1      | Reached skill level 4 in Earth Magic
   111 | D:1      | Reached XP level 2. HP: 15/15 MP: 3/5
   681 | D:2      | Reached XP level 3. HP: 19/19 MP: 4/6
   723 | D:2      | Reached skill level 1 in Armour
   791 | D:2      | Learned a level 3 spell: Stone Arrow
  1098 | D:2      | Reached XP level 4. HP: 24/24 MP: 4/7
  1898 | D:3      | Noticed Grinder
  1905 | D:3      | Killed Grinder
  1906 | D:3      | Reached skill level 5 in Earth Magic
  1906 | D:3      | Reached skill level 1 in Evocations
  1906 | D:3      | Reached XP level 5. HP: 19/28 MP: 2/9
  1906 | D:3      | Reached XP level 6. HP: 22/32 MP: 2/10
  1946 | D:3      | Found Kaehyffou's Armour Shop.
  2593 | D:4      | Reached skill level 6 in Earth Magic
  2645 | D:4      | Reached XP level 7. HP: 36/36 MP: 8/11
  3062 | D:5      | Entered Level 5 of the Dungeon
  3082 | D:5      | Reached skill level 1 in Staves
  3129 | D:5      | Reached skill level 7 in Earth Magic
  3174 | D:5      | Noticed Sigmund
  3257 | D:5      | Noticed Dowan
  3257 | D:5      | Noticed Duvessa
  3262 | D:5      | Killed Duvessa
  3277 | D:5      | Killed Dowan
  3400 | D:5      | Reached XP level 8. HP: 41/41 MP: 9/12
  3450 | D:5      | Noticed Pikel
  3465 | D:5      | Paralysed by Pikel for 3 turns
  3468 | D:5      | Killed Pikel
  3469 | D:5      | Reached skill level 9 in Earth Magic
  3726 | D:5      | Found a hide-covered altar of Uskayaw.
  3846 | D:5      | Found a burning altar of Makhleb.
  3846 | D:5      | Found a glowing silver altar of Zin.
  3847 | D:5      | Noticed an angel
  3847 | D:5      | Noticed a blizzard demon
  3917 | D:6      | Found a staircase to the Ecumenical Temple.
  3928 | Temple   | Entered the Ecumenical Temple
  3934 | Temple   | Became a worshipper of Vehumet
  3980 | D:6      | Reached skill level 1 in Fighting
  3980 | D:6      | Reached XP level 9. HP: 47/47 MP: 10/13
  3981 | D:6      | Reached skill level 10 in Earth Magic
  4209 | D:6      | Noticed Maggie
  4220 | D:6      | Killed from afar by an orc priest

Illustrated notes

Levels and vault maps discovered:
D:1:      spicycebolla_arrival_clurvy, layout_rooms
D:2:      minmay_angry_zag, layout_loops_cross
D:3:      layout_basic, serial_shops, shop, kennysheep_pointless_box,
          st_stairs_9, small_statue_intersection, uniq_grinder
D:4:      layout_loops_ring
D:5:      layout_basic, grunt_temple_overflow_order_and_chaos_2,
          mainiacjoe_overflow_surrounded_room, uniq_pikel, uniq_sigmund,
          uniq_duvessa
D:6:      layout_cave_pools, minmay_temple_entry_grid, uniq_edmund, uniq_maggie
Temple:   nicolae_temple_no_exploring_needed

Skill      XL: |  1  2  3  4  5  6  7  8  9 |
---------------+----------------------------+-----
Earth Magic    | 4 5 6 7 9 10 | 10.2
Armour         | 1 2 3 |  3.3
Dodging        | 2 3 |  3.3
Spellcasting   | 3 |  3.0
Conjurations   | 2 3 4 |  4.0
Evocations     | 1 2 |  2.8
Staves         | 1 2 |  2.6
Stealth        | 3 |  3.1
Fighting       | 1 |  1.0
Throwing       | |  0.3
Transmutations | |  0.8

Action                     |  1- 3 |  4- 6 |  7- 9 || total
---------------------------+-------+-------+-------++-------
  Melee: Flail             |     1 |       |       ||     1
         Staff             |       |     9 |    22 ||    31
         Punch             |       |       |     1 ||     1
  Throw: Dart              |       |       |     2 ||     2
   Cast: Sandblast         |    48 |    71 |    65 ||   184
         Stone Arrow       |       |       |    10 ||    10
  Evoke: Wand              |       |       |     5 ||     5
    Use: Scroll            |       |       |     1 ||     1
 Armour: Robe              |     3 |       |    21 ||    24
         Leather armour    |     3 |    13 |    13 ||    29
         Ring mail         |       |       |     1 ||     1
  Dodge: Dodged            |     6 |    29 |    61 ||    96
